[Event "GER-ch Youth U14 2020"]
[Site "Willingen"]
[Date "2020.10.22"]
[Round "4.13"]
[White "Spriestersbach, Kai"]
[Black "Klühs, Gustaf"]
[Result "1-0"]
[ECO "C10"]
[WhiteElo "1863"]
[BlackElo "1827"]
[Annotator "NA RC"]
[PlyCount "65"]
[EventDate "2020.10.20"]
[EventType "swiss"]
[EventRounds "7"]
[EventCountry "GER"]
[SourceTitle "playchess.com"]
[Source "ChessBase"]
[SourceQuality "1"]
[TimeControl "40/5400+30:1800+30"]

1. e4 e6 2. d4 d5 3. Nc3 dxe4 4. Nxe4 Nd7 5. Bd3 Ngf6 6. c3 Be7 7. Nf3 O-O 8. Bf4 {[%emt 0:00:53] C10: French with 3 Nc3: Unusual Black 3rd moves and 3...dxe4.} b6 9. Qe2 Bb7 10. Nxf6+ Bxf6 11. O-O-O Qc8 {[%emt 0:04:40] [#]} 12. Ne5 $146 ({Predecessor:} 12. h4 $16 c5 13. Ng5 h6 14. Ne4 cxd4 15. Bb5 Bxe4 16. Bxd7 Qxd7 17. Qxe4 Qa4 18. Kb1 {½-½ (53) Jacek,K (1835)-Starzynski,W Chojnice 2005}) 12... g6 {[%emt 0:29:29] [#]} (12... c5 $11) 13. h4 $1 c5 (13... Bxe5 $142 14. dxe5 Nc5) 14. Bb5 (14. h5 $18 g5 15. Nxd7 Qxd7 16. dxc5) 14... Nxe5 15. dxe5 Bg7 16. f3 Bc6 17. Rd6 Bd5 (17... Bxb5 $16 18. Qxb5 Qe8) 18. c4 Bb7 19. Ba4 Qc7 20. Rd7 Qc8 21. Rhd1 Bc6 $2 (21... a6 $16 {was worth a try.}) 22. Bxc6 Qxc6 23. b3 Qc8 (23... Rac8 {was called for.} 24. h5 (24. Rxa7 Rc7 $16) 24... Rfe8) 24. Bg5 Qa6 25. Kb2 Qc8 26. Bf6 Qb8 27. Bxg7 Kxg7 28. h5 a5 29. Qe3 Kg8 {[%emt 0:02:50] [#]} 30. Qg5 $18 f6 31. exf6 a4 32. hxg6 h6 33. Rg7+ 1-0

[Event "GER-ch Youth U14 2020"]
[Site "Willingen"]
[Date "2020.10.22"]
[Round "4.17"]
[White "Schwartz, Oliver"]
[Black "Kageler, Anton Paul"]
[Result "0-1"]
[ECO "B76"]
[WhiteElo "1794"]
[BlackElo "1664"]
[Annotator "NA RC"]
[PlyCount "60"]
[EventDate "2020.10.20"]
[EventType "swiss"]
[EventRounds "7"]
[EventCountry "GER"]
[SourceTitle "playchess.com"]
[Source "ChessBase"]
[SourceQuality "1"]
[TimeControl "40/5400+30:1800+30"]

1. e4 c5 2. Nf3 d6 3. d4 cxd4 4. Nxd4 Nf6 5. Nc3 g6 6. f3 Bg7 7. Be3 O-O 8. Qd2 Nc6 9. O-O-O d5 10. exd5 Nxd5 11. Nxc6 bxc6 12. Bd4 e5 13. Bc5 Be6 14. a3 Qc7 15. Bxf8 Rxf8 16. h4 Nxc3 17. Qxc3 Rb8 18. Qd2 e4 19. c3 Qb6 20. b4 e3 21. Qc2 c5 22. h5 cxb4 23. axb4 Rc8 24. c4 Qxb4 25. Rd3 Qe1+ 26. Rd1 Qa5 27. Qb3 Qa1+ 28. Kc2 Bf5+ 29. Bd3 Rxc4+ 30. Qxc4 Qb2# 0-1

[Event "GER-ch Youth U14 2020"]
[Site "Willingen"]
[Date "2020.10.22"]
[Round "4.18"]
[White "Mimkes, Antal"]
[Black "Lerchl, Clemens"]
[Result "1-0"]
[ECO "B50"]
[WhiteElo "1567"]
[BlackElo "1699"]
[Annotator "NA RC"]
[PlyCount "57"]
[EventDate "2020.10.20"]
[EventType "swiss"]
[EventRounds "7"]
[EventCountry "GER"]
[SourceTitle "playchess.com"]
[Source "ChessBase"]
[SourceQuality "1"]
[TimeControl "40/5400+30:1800+30"]

1. e4 c5 2. Nf3 d6 3. b4 cxb4 4. d4 Nf6 5. Bd3 Bg4 6. O-O d5 7. e5 Ne4 8. Re1 Nc3 9. Nxc3 bxc3 10. h3 Bxf3 11. Qxf3 e6 12. Qg4 h6 13. f4 g6 14. Bxg6 fxg6 15. Qxe6+ Be7 16. Qxg6+ Kd7 17. f5 Qb6 18. e6+ Kc8 19. Qg7 Qd8 20. Re3 Bf6 21. Rxc3+ Nc6 22. Qg4 Qb6 23. Rc5 Qd8 24. c3 Qe7 25. Ba3 Qd8 26. Qf3 Rg8 27. Rxd5 Qc7 28. Rd7 Qg3 29. Rf1 1-0

[Event "GER-ch Youth U14 2020"]
[Site "Willingen"]
[Date "2020.10.22"]
[Round "4.19"]
[White "Englert, Luca"]
[Black "Tovmasyan, Minas"]
[Result "0-1"]
[ECO "B23"]
[WhiteElo "1530"]
[BlackElo "1658"]
[Annotator "NA RC"]
[PlyCount "86"]
[EventDate "2020.10.20"]
[EventType "swiss"]
[EventRounds "7"]
[EventCountry "GER"]
[SourceTitle "playchess.com"]
[Source "ChessBase"]
[SourceQuality "1"]
[TimeControl "40/5400+30:1800+30"]

1. e4 c5 2. Nc3 e6 3. f4 d5 4. Bb5+ Bd7 5. exd5 Bxb5 6. Nxb5 exd5 7. Qh5 Qe7+ 8. Qe5 Qxe5+ 9. fxe5 Kd7 10. Nf3 Nc6 11. O-O h6 12. b3 a6 13. Nc3 d4 14. Nd5 Re8 15. Re1 Nge7 16. Nf4 Kc8 17. e6 fxe6 18. Rxe6 g5 19. Ng6 Rh7 20. Ba3 Kd7 21. Rae1 b6 22. d3 Rc8 23. Nd2 Rg7 24. Nxf8+ Rxf8 25. Rxh6 Nf5 26. Rh3 g4 27. Rh5 Ne3 28. Bc1 Rgf7 29. h4 Rf2 30. Rh7+ Kd8 31. Kh1 Nxc2 32. Rg1 Ne5 33. Ne4 Re2 34. Nd6 Ne3 35. h5 g3 36. h6 Nxd3 37. Nf7+ Kc8 38. Bxe3 Nf2+ 39. Bxf2 gxf2 40. Rh8 Rxh8 41. Nxh8 Re1 42. Rxe1 fxe1=Q+ 43. Kh2 Qe5+ 0-1

[Event "GER-ch Youth U14 2020"]
[Site "Willingen"]
[Date "2020.10.22"]
[Round "4.20"]
[White "Ehrig, Leon Chris"]
[Black "Pfeffer, Samuel"]
[Result "1-0"]
[ECO "C68"]
[WhiteElo "1718"]
[BlackElo "1427"]
[Annotator "NA RC"]
[PlyCount "39"]
[EventDate "2020.10.20"]
[EventType "swiss"]
[EventRounds "7"]
[EventCountry "GER"]
[SourceTitle "playchess.com"]
[Source "ChessBase"]
[SourceQuality "1"]
[TimeControl "40/5400+30:1800+30"]

1. e4 e5 2. Nf3 Nc6 3. Bb5 a6 4. Bxc6 dxc6 5. O-O Bg4 6. h3 h5 7. d3 g5 8. hxg4 hxg4 9. Nxe5 g3 10. Qf3 Qf6 11. Qxf6 Nxf6 12. Be3 Bd6 13. Bd4 c5 14. Bc3 b5 15. Nf3 Be7 16. fxg3 O-O-O 17. Nxg5 c4 18. Bxf6 Bxf6 19. Rxf6 cxd3 20. cxd3 1-0

[Event "GER-ch Youth U14 2020"]
[Site "Willingen"]
[Date "2020.10.22"]
[Round "4.21"]
[White "Brunner, Alexander"]
[Black "Niemann, Leon"]
[Result "0-1"]
[ECO "A58"]
[WhiteElo "1692"]
[BlackElo "1880"]
[Annotator "NA RC"]
[PlyCount "60"]
[EventDate "2020.10.20"]
[EventType "swiss"]
[EventRounds "7"]
[EventCountry "GER"]
[SourceTitle "playchess.com"]
[Source "ChessBase"]
[SourceQuality "1"]
[TimeControl "40/5400+30:1800+30"]

1. d4 Nf6 2. c4 c5 3. d5 b5 4. cxb5 a6 5. bxa6 g6 6. Nc3 {[%emt 0:00:32] A58: Benko/Volga Gambit: Lines with 5 bxa6.} Bg7 7. e4 O-O 8. Nf3 Qa5 9. Bd2 Bxa6 10. Bxa6 Nxa6 11. O-O Rfb8 {[%emt 0:02:35] [#]} 12. a4 $146 ({Predecessor:} 12. Rb1 d6 13. e5 dxe5 14. Nxe5 Qc7 15. Re1 Nb4 16. Nc6 Nxc6 17. dxc6 Rd8 18. Qe2 Qxc6 {0-1 (39) Kula,R (2310)-Czernek,T (2003) Police 2019}) 12... Nb4 13. e5 Ng4 14. Bf4 Qa6 15. Nb5 Qb7 16. Nc3 c4 17. h3 Nd3 {[%emt 0:02:14] Double Attack} 18. e6 Nxf4 19. exf7+ Kh8 20. hxg4 Qxb2 21. Ne4 $2 ({Wrong is} 21. Qc1 $2 Qxc1 22. Raxc1 Bxc3 $19) (21. d6 $1 $15 e6 22. Ne4) 21... Qxa1 22. Qxa1 Bxa1 23. Rxa1 Nxd5 24. Nc5 Rf8 25. Nxd7 Rxf7 26. Nfe5 Rf4 $19 27. Rd1 Nc3 28. Rd2 Nxa4 29. g3 c3 30. Rc2 Rd4 0-1

[Event "GER-ch Youth U14 2020"]
[Site "Willingen"]
[Date "2020.10.22"]
[Round "4.22"]
[White "Wiedersich, Hendryk"]
[Black "Bock, Marlon"]
[Result "1/2-1/2"]
[ECO "C47"]
[WhiteElo "1570"]
[BlackElo "1776"]
[Annotator "NA RC"]
[PlyCount "48"]
[EventDate "2020.10.20"]
[EventType "swiss"]
[EventRounds "7"]
[EventCountry "GER"]
[SourceTitle "playchess.com"]
[Source "ChessBase"]
[SourceQuality "1"]
[TimeControl "40/5400+30:1800+30"]

1. e4 e5 2. Nf3 Nc6 3. Nc3 Nf6 4. d4 exd4 5. Nxd4 Bc5 6. Be3 Bb6 7. f3 d6 8. Bb5 Bd7 9. Qd2 Qe7 10. O-O-O O-O-O 11. g4 Ne5 12. Bxd7+ Qxd7 13. g5 Nc4 14. Qe2 Nxe3 15. Qxe3 Ng8 16. Nd5 Ne7 17. Nxb6+ axb6 18. Qf4 Nc6 19. Qf5 Nxd4 20. Rxd4 Qxf5 21. exf5 Rde8 22. Re4 Rxe4 23. fxe4 Re8 24. Re1 Re5 1/2-1/2

[Event "GER-ch Youth U14 2020"]
[Site "Willingen"]
[Date "2020.10.23"]
[Round "5.13"]
[White "Tovmasyan, Minas"]
[Black "Tham, Nam"]
[Result "0-1"]
[ECO "D30"]
[WhiteElo "1658"]
[BlackElo "1890"]
[Annotator "NA RC"]
[PlyCount "100"]
[EventDate "2020.10.20"]
[EventType "swiss"]
[EventRounds "7"]
[EventCountry "GER"]
[SourceTitle "playchess.com"]
[Source "ChessBase"]
[SourceQuality "1"]
[TimeControl "40/5400+30:1800+30"]

1. d4 d5 2. c4 e6 3. Nf3 c6 4. Qc2 Bd6 5. Nbd2 f5 6. g3 Nf6 7. Bg2 O-O 8. O-O Ne4 9. b3 Nd7 10. Bb2 Qf6 11. e3 {[%emt 0:11:51] E01: Catalan: Early deviations.} g5 12. a3 {[%emt 0:14:45] [#]} h5 $146 ({Predecessor:} 12... Rf7 13. b4 g4 14. Nxe4 fxe4 15. Nh4 Nf8 16. b5 cxb5 17. cxb5 Ng6 18. Nxg6 hxg6 {½-½ (59) Lakerbaya,T (2086)-Khurkhumal,O Gagra 2008}) 13. h4 g4 14. Nxe4 $1 fxe4 15. Ng5 Qh6 16. a4 Re8 17. Ba3 Bc7 18. cxd5 (18. b4 $14) 18... exd5 19. Bxe4 Rxe4 20. Nxe4 dxe4 21. Qxe4 Nf6 22. Qc2 Qh7 ({Better is} 22... Be6 $19 23. Rfd1 Bd5) 23. Qxh7+ Kxh7 24. b4 Be6 ({Black should play} 24... Ne4 $17 25. b5 Bd7) 25. b5 Bd5 26. bxc6 Bxc6 27. Be7 Ne4 28. Rfd1 (28. Rfc1 $142 Ba5 29. Ra2) 28... Bd5 29. Rdc1 Ba5 30. Rab1 Nc3 31. Rb2 Re8 32. Bd6 a6 33. Kf1 Ne4 ({Better is} 33... Nxa4 $19 34. Rbb1 Be4) 34. Bc7 (34. Bb4 $17 Bxb4 35. Rxb4) 34... Rc8 35. Rbc2 Bd2 36. Be5 Bc3 37. Rb1 $19 (37. Bd6 {is a better defense.} Bb3 38. Bb4 Bxc2 39. Rxc2) 37... Nd2+ 38. Rxd2 Bxd2 39. Ke2 Ba5 40. Kd3 Rc3+ 41. Ke2 Bf3+ 42. Kf1 b5 43. axb5 axb5 44. d5 Rc2 45. d6 b4 46. d7 b3 47. Bd4 Kg6 48. e4 Bxe4 49. Rxb3 Rc1+ 50. Ke2 Re1# 0-1

[Event "GER-ch Youth U14 2020"]
[Site "Willingen"]
[Date "2020.10.23"]
[Round "5.15"]
[White "Bungarten, Jona"]
[Black "Ehrig, Leon Chris"]
[Result "1-0"]
[ECO "B14"]
[WhiteElo "1834"]
[BlackElo "1718"]
[Annotator "NA RC"]
[PlyCount "53"]
[EventDate "2020.10.20"]
[EventType "swiss"]
[EventRounds "7"]
[EventCountry "GER"]
[SourceTitle "playchess.com"]
[Source "ChessBase"]
[SourceQuality "1"]
[TimeControl "40/5400+30:1800+30"]

1. e4 c6 2. d4 d5 3. exd5 cxd5 4. c4 Nf6 5. Nc3 g6 6. Qb3 Bg7 7. cxd5 O-O 8. Be2 Re8 {[%emt 0:08:20] B14: Caro-Kann: Panov-Botvinnik Attack with 5...e6 and 5...g6.} 9. Nf3 Nbd7 10. O-O Nb6 {[%emt 0:02:02] [#]} 11. Bg5 $146 ({Predecessor:} 11. Bb5 Rf8 12. Re1 Nfxd5 13. Nxd5 Nxd5 14. Bg5 Be6 15. Bc4 Rb8 16. Qa3 a6 17. Bxd5 Qxd5 18. Bxe7 {½-½ (66) Erdelyi,Z (2262)-Ezsol,M (2382) Hungary 2004}) 11... a6 (11... Nfxd5 $11 12. Nxd5 Nxd5) 12. Bxf6 exf6 13. Rfe1 Qd6 14. a4 Rd8 15. Ne4 Qxd5 16. Qxb6 Bg4 17. Nc3 Qd7 18. Rad1 Rac8 19. h3 Bh5 20. d5 $18 g5 21. Ne5 fxe5 22. Bxh5 Qe7 23. d6 Qe6 24. Ne4 h6 25. Nc5 Qc4 26. Rc1 Qf4 27. Nd3 1-0

[Event "GER-ch Youth U14 2020"]
[Site "Willingen"]
[Date "2020.10.23"]
[Round "5.16"]
[White "Niemann, Leon"]
[Black "Freude, Max"]
[Result "1/2-1/2"]
[ECO "C50"]
[WhiteElo "1880"]
[BlackElo "1850"]
[Annotator "NA RC"]
[PlyCount "44"]
[EventDate "2020.10.20"]
[EventType "swiss"]
[EventRounds "7"]
[EventCountry "GER"]
[SourceTitle "playchess.com"]
[Source "ChessBase"]
[SourceQuality "1"]
[TimeControl "40/5400+30:1800+30"]

1. e4 e5 2. Nf3 Nc6 3. Bc4 Bc5 4. O-O Nf6 5. d3 h6 6. c3 O-O 7. Nbd2 {[%emt 0:00:37] C54: Giuoco Piano: 4 c3 Nf6, main lines with 5 d4 and 5 d3.} d5 8. exd5 Nxd5 9. Ne4 Be7 10. d4 {[%emt 0:07:39] [#]} Nb6 $146 ({Predecessor:} 10... exd4 11. Nxd4 Ne5 12. Be2 f5 13. f4 fxe4 14. fxe5 c5 15. Nb5 Rxf1+ 16. Bxf1 Be6 {1-0 (47) Alen,A (1814)-Karimli,A (1340) Antalya 2019}) 11. Bb3 exd4 12. Nxd4 Nxd4 13. cxd4 c6 14. Nc3 Bf6 15. Be3 Bf5 16. Qf3 Bh7 17. Rad1 Qe7 18. d5 Bxc3 19. bxc3 Nxd5 20. Bxd5 cxd5 21. Qxd5 Rfd8 22. Qc5 $15 Qxc5 1/2-1/2

[Event "GER-ch Youth U14 2020"]
[Site "Willingen"]
[Date "2020.10.23"]
[Round "5.17"]
[White "Klühs, Gustaf"]
[Black "Meuer, David"]
[Result "1/2-1/2"]
[ECO "C00"]
[WhiteElo "1827"]
[BlackElo "1632"]
[Annotator "NA RC"]
[PlyCount "119"]
[EventDate "2020.10.20"]
[EventType "swiss"]
[EventRounds "7"]
[EventCountry "GER"]
[SourceTitle "playchess.com"]
[Source "ChessBase"]
[SourceQuality "1"]
[TimeControl "40/5400+30:1800+30"]

1. e4 e6 2. d3 d5 3. Nd2 Nf6 4. Ngf3 Nc6 5. g3 dxe4 6. dxe4 Bc5 7. Bg2 e5 8. O-O O-O 9. c3 a5 10. Qc2 b6 11. Nb3 {[%emt 0:01:48] C00: French: Unusual White 2nd moves.} Bd6 12. Rd1 Qe7 13. h3 Ba6 14. a4 {[%emt 0:04:09] [#]} Rfd8 $146 ({Predecessor:} 14... Rad8 15. Be3 Nd7 16. Rd2 Nc5 17. Rad1 Ne6 18. Bf1 Bxf1 19. Kxf1 f6 20. Kg2 g6 {0-1 (42) Carlo,D (2100)-Cordero,D (2063) La Paz 2020}) 15. Be3 h6 16. Nh4 Bc8 17. Rd2 Be6 18. Rad1 Bxb3 (18... Qe8 $11 {keeps the balance.}) 19. Qxb3 Bc5 20. Nf5 Qf8 {[%emt 0:00:36] [#]} 21. Qb5 $1 Bxe3 22. Nxe3 Qe8 $2 {[%emt 0:03:34] [#]} (22... Rxd2 $16 {keeps fighting.} 23. Rxd2 Qc5) 23. Nd5 $1 Nxd5 24. exd5 Na7 25. Qxe8+ Rxe8 26. d6 c6 27. d7 Red8 28. Rd6 Rab8 29. Bxc6 Nxc6 30. Rxc6 Kf8 31. Rc7 Ke7 32. Kg2 f6 33. Kf3 b5 {[%emt 0:02:58] [#]} 34. axb5 $2 (34. Rd2 $1 $18 {is the precise move to win.}) 34... Rxb5 35. Rd2 Ke6 $2 (35... Rb6 {is more resistant.} 36. Ra7 Rd6 37. Rxd6 Kxd6 38. Rxa5 Rxd7) 36. c4 Rb4 37. c5 Ke7 38. c6 Rc4 39. Rd5 a4 40. Ra5 Rb4 41. Kg2 Kd6 42. Rb7 Rc4 43. Rb6 Rxc6 44. Rxc6+ Kxc6 45. Rxa4 Rxd7 46. Ra3 Rb7 47. Rc3+ Kd5 48. Rc2 Kd6 49. Kf3 Ke6 50. Ke2 Kf5 51. Kd1 Ke4 52. Ke2 Kf5 53. Kf3 $11 Rb3+ 54. Kg2 Rb7 55. g4+ Kg5 56. Kg3 Rb3+ 57. Kg2 ({White should try} 57. Rc3 $1 $11 Rxb2 58. h4+ Kg6 59. h5+ Kf7 60. Rc7+ Kg8 61. Rc8+ Kh7 62. f3) 57... Rb7 58. f3 {[%emt 0:00:00] [#]} Kg6 (58... Kh4 $1 $17 59. Re2 g6) 59. h4 Kf7 60. Rd2 $11 1/2-1/2

[Event "GER-ch Youth U14 2020"]
[Site "Willingen"]
[Date "2020.10.23"]
[Round "5.18"]
[White "Bilous, Danylo"]
[Black "Fuhrmann, Bahne"]
[Result "0-1"]
[ECO "E10"]
[WhiteElo "1723"]
[BlackElo "1816"]
[Annotator "NA RC"]
[PlyCount "30"]
[EventDate "2020.10.20"]
[EventType "swiss"]
[EventRounds "7"]
[EventCountry "GER"]
[SourceTitle "playchess.com"]
[Source "ChessBase"]
[SourceQuality "1"]
[TimeControl "40/5400+30:1800+30"]

1. d4 Nf6 2. Nf3 e6 3. c4 a6 4. Nc3 d5 5. Bf4 Bd6 6. Bxd6 Qxd6 7. c5 Qe7 8. b4 Nc6 9. Qb3 O-O 10. e3 b6 11. Be2 Bb7 12. O-O Rfd8 13. cxb6 cxb6 14. b5 Na5 15. Qb2 axb5 0-1

[Event "GER-ch Youth U14 2020"]
[Site "Willingen"]
[Date "2020.10.23"]
[Round "5.19"]
[White "Lerchl, Clemens"]
[Black "Weidenhöfer, Max"]
[Result "0-1"]
[ECO "B10"]
[WhiteElo "1699"]
[BlackElo "1897"]
[Annotator "NA RC"]
[PlyCount "24"]
[EventDate "2020.10.20"]
[EventType "swiss"]
[EventRounds "7"]
[EventCountry "GER"]
[SourceTitle "playchess.com"]
[Source "ChessBase"]
[SourceQuality "1"]
[TimeControl "40/5400+30:1800+30"]

1. e4 c6 2. Nc3 d5 3. Qe2 d4 4. Nd1 e5 5. d3 Bd6 6. g3 c5 7. f4 Nc6 8. Nf3 Qc7 9. f5 Bd7 10. Nf2 Qa5+ 11. Qd2 Nb4 12. a3 $2 (12. c3 $11 Nc6 13. Qc2) 12... Nxc2+ $19 {[%emt 0:01:47] Double Attack} 0-1

[Event "GER-ch Youth U14 2020"]
[Site "Willingen"]
[Date "2020.10.23"]
[Round "5.20"]
[White "Raasch, Hauke"]
[Black "Englert, Luca"]
[Result "0-1"]
[ECO "B06"]
[WhiteElo "1676"]
[BlackElo "1530"]
[Annotator "NA RC"]
[PlyCount "102"]
[EventDate "2020.10.20"]
[EventType "swiss"]
[EventRounds "7"]
[EventCountry "GER"]
[SourceTitle "playchess.com"]
[Source "ChessBase"]
[SourceQuality "1"]
[TimeControl "40/5400+30:1800+30"]

1. d4 g6 2. e4 Bg7 3. Nc3 d6 4. f4 Nf6 5. a3 O-O 6. Nf3 Nbd7 7. Be3 Ng4 8. Qd2 Nxe3 9. Qxe3 c5 10. Be2 cxd4 11. Nxd4 Qb6 12. O-O-O e5 13. Nd5 Qc5 14. b4 Qxd4 15. Rxd4 exd4 16. Qf2 a5 17. Nc7 Ra7 18. b5 b6 19. Nd5 Bb7 20. Re1 Bxd5 21. exd5 Rc7 22. Bd3 Nc5 23. Kd2 Rfc8 24. Qe2 f5 25. Qd1 Kf7 26. Re2 Bf6 27. g3 Na4 28. Re6 Be7 29. g4 Nb2 30. Qb1 Nxd3 31. cxd3 fxg4 32. Qb2 Rc3 33. a4 R8c5 34. Qa2 h5 35. Re4 h4 36. Rxd4 g3 37. hxg3 hxg3 38. Rc4 R5xc4 39. dxc4 g2 40. Qb1 Rg3 41. Qg1 Bf6 42. Kc2 Bd4 43. Qe1 Rc3+ 44. Kd2 Re3 45. Qd1 g1=Q 46. Qxg1 Re2+ 47. Kxe2 Bxg1 48. Kf3 Kf6 49. Kg2 Bd4 50. Kf3 Kf5 51. Kg3 Be3 0-1

[Event "GER-ch Youth U14 2020"]
[Site "Willingen"]
[Date "2020.10.23"]
[Round "5.21"]
[White "Pfeffer, Samuel"]
[Black "Wiedersich, Hendryk"]
[Result "1-0"]
[ECO "D10"]
[WhiteElo "1427"]
[BlackElo "1570"]
[Annotator "NA RC"]
[PlyCount "53"]
[EventDate "2020.10.20"]
[EventType "swiss"]
[EventRounds "7"]
[EventCountry "GER"]
[SourceTitle "playchess.com"]
[Source "ChessBase"]
[SourceQuality "1"]
[TimeControl "40/5400+30:1800+30"]

1. d4 d5 2. c4 c6 3. Nf3 Nf6 4. cxd5 cxd5 5. Nc3 a6 6. Bf4 Nc6 7. Rc1 Bg4 8. Ne5 Rc8 9. Nxg4 Nxg4 10. h3 Nf6 11. e3 e6 12. Bd3 Bd6 13. Bxd6 Qxd6 14. O-O O-O 15. a3 b5 16. Rc2 Rc7 17. Qb1 Rfc8 18. Rfc1 Na5 19. b3 g6 20. Qb2 e5 21. Nxb5 axb5 22. dxe5 Rxc2 23. Rxc2 Rxc2 24. Bxc2 Qb6 25. exf6 Qe6 26. Qc3 Nc6 27. Bd3 1-0

[Event "GER-ch Youth U14 2020"]
[Site "Willingen"]
[Date "2020.10.23"]
[Round "5.22"]
[White "Bock, Marlon"]
[Black "Schwartz, Oliver"]
[Result "0-1"]
[ECO "B23"]
[WhiteElo "1776"]
[BlackElo "1794"]
[Annotator "NA RC"]
[PlyCount "100"]
[EventDate "2020.10.20"]
[EventType "swiss"]
[EventRounds "7"]
[EventCountry "GER"]
[SourceTitle "playchess.com"]
[Source "ChessBase"]
[SourceQuality "1"]
[TimeControl "40/5400+30:1800+30"]

1. e4 c5 2. Nc3 Nc6 3. Nge2 g6 4. g3 Bg7 5. Bg2 e6 6. h4 h5 7. d3 Nge7 8. Bg5 d6 9. O-O O-O 10. Qd2 Kh7 11. Rae1 Rb8 12. Nd1 b5 13. c3 Qa5 14. b4 Qa3 15. bxc5 dxc5 16. Bf4 Rb7 17. Bd6 Rd8 18. e5 Rbd7 19. f4 Bb7 20. d4 Nf5 21. dxc5 Qxc5+ 22. Bxc5 Rxd2 23. Nf2 Bf8 24. Ne4 Rxa2 25. Nc1 Rc2 26. Nb3 Nxg3 27. Nxg3 Rxc3 28. Bxf8 Rxg3 29. Nc5 Ba8 30. Ne4 Rxg2+ 31. Kxg2 Rxf8 32. Kg3 Nd4 33. Nd6 Bd5 34. Ra1 Nf5+ 35. Nxf5 gxf5 36. Rg1 Rg8+ 37. Kf2 Rg4 38. Rxg4 fxg4 39. Rxa7 Kg6 40. Ra3 b4 41. Ra4 b3 42. Rb4 f6 43. exf6 Kxf6 44. Rb8 Ke7 45. Ke3 g3 46. Kd2 Kf7 47. Ke2 g2 48. Kf2 Kf6 49. Rb4 Ke7 50. Rb8 Kd7 0-1

[Event "GER-ch Youth U14 2020"]
[Site "Willingen"]
[Date "2020.10.23"]
[Round "6.1"]
[White "Laux, Dominik"]
[Black "Bakiev, Diyor"]
[Result "1/2-1/2"]
[ECO "D00"]
[WhiteElo "2009"]
[BlackElo "2070"]
[Annotator "ChessBase"]
[PlyCount "82"]
[EventDate "2020.10.20"]
[EventType "swiss"]
[EventRounds "7"]
[EventCountry "GER"]
[SourceTitle "playchess.com"]
[Source "ChessBase"]
[SourceQuality "1"]
[TimeControl "40/5400+30:1800+30"]

1. d4 d5 2. Bf4 c5 3. e3 cxd4 4. exd4 Nc6 5. c3 Bf5 6. Nf3 e6 7. Qb3 Qd7 8. Nbd2 f6 9. h4 h5 10. Be2 Nge7 11. O-O Ng6 12. Bg3 a6 13. c4 Na5 14. Qe3 Kf7 15. Rac1 Bd6 16. Bd3 Ne7 17. Bxd6 Qxd6 18. c5 Qc7 19. b4 Nac6 20. Rb1 Bxd3 21. Qxd3 Nf5 22. Rfd1 Rhg8 23. a4 a5 24. b5 Nb4 25. Qc3 Qf4 26. g3 Qg4 27. Nf1 g5 28. hxg5 Qh3 29. N1h2 fxg5 30. Kh1 Nh6 31. Ng1 Qf5 32. Qf3 g4 33. Qxf5+ Nxf5 34. Ne2 Rae8 35. Nf1 e5 36. Rb2 exd4 37. Nxd4 Nxd4 38. Rxd4 Re1 39. Kg2 Ra1 40. Ne3 Rg5 41. Nc2 Rxa4 1/2-1/2

[Event "GER-ch Youth U14 2020"]
[Site "Willingen"]
[Date "2020.10.23"]
[Round "6.2"]
[White "Costa, Leonardo"]
[Black "Albert, Markus"]
[Result "0-1"]
[ECO "C55"]
[WhiteElo "2165"]
[BlackElo "1727"]
[Annotator "ChessBase"]
[PlyCount "50"]
[EventDate "2020.10.20"]
[EventType "swiss"]
[EventRounds "7"]
[EventCountry "GER"]
[SourceTitle "playchess.com"]
[Source "ChessBase"]
[SourceQuality "1"]
[TimeControl "40/5400+30:1800+30"]

1. e4 e5 2. Bc4 Nc6 3. Nf3 Nf6 4. d3 Be7 5. O-O O-O 6. Re1 d6 7. a4 Kh8 8. Nbd2 Ng8 9. Nf1 f5 10. exf5 Bxf5 11. h3 Nf6 12. Ng3 Bg6 13. Nh4 Qe8 14. Nxg6+ Qxg6 15. Ba2 Rad8 16. c3 d5 17. Bb1 Bd6 18. Re3 e4 19. Ne2 Bc5 20. d4 Bd6 21. Ng3 Bf4 22. Re1 Bxg3 23. fxg3 Qxg3 24. Bc2 Ng4 25. Bg5 Qh2# 0-1

[Event "GER-ch Youth U14 2020"]
[Site "Willingen"]
[Date "2020.10.23"]
[Round "6.5"]
[White "Stork, Christopher"]
[Black "Hagner, Bennet"]
[Result "0-1"]
[ECO "C55"]
[WhiteElo "1869"]
[BlackElo "2080"]
[Annotator "ChessBase"]
[PlyCount "96"]
[EventDate "2020.10.20"]
[EventType "swiss"]
[EventRounds "7"]
[EventCountry "GER"]
[SourceTitle "playchess.com"]
[Source "ChessBase"]
[SourceQuality "1"]
[TimeControl "40/5400+30:1800+30"]

1. e4 e5 2. Nf3 Nc6 3. Bc4 Nf6 4. d3 h6 5. c3 g5 6. O-O d6 7. Nbd2 Bg7 8. h3 O-O 9. Re1 Kh8 10. Nf1 d5 11. exd5 Nxd5 12. Ng3 f5 13. Nh5 Qd6 14. Nxg7 Kxg7 15. d4 e4 16. Ne5 Be6 17. Bxd5 Qxd5 18. f4 Nxe5 19. dxe5 Qxd1 20. Rxd1 Kg6 21. g3 Rfd8 22. Be3 Bc4 23. Kf2 Bd3 24. Rd2 Rd5 25. b3 Ra5 26. a4 Ra6 27. b4 Rc6 28. Bd4 Rc4 29. Rb2 Kf7 30. b5 Ke6 31. Rb4 Kd5 32. Rxc4 Kxc4 33. h4 gxf4 34. gxf4 Rg8 35. Rg1 Rxg1 36. Kxg1 Bc2 37. Bxa7 Bxa4 38. Bb8 Kxc3 39. Bxc7 Bxb5 40. Kf2 Kd3 41. Bb6 Bd7 42. Bc5 h5 43. Bb6 Be6 44. Ba7 b5 45. Bc5 Bd7 46. Ke1 e3 47. Bd6 Be6 48. Bb4 Ke4 0-1

[Event "GER-ch Youth U14 2020"]
[Site "Willingen"]
[Date "2020.10.23"]
[Round "6.7"]
[White "Farokhi, Keyvan"]
[Black "Schubert, Nikita"]
[Result "1/2-1/2"]
[ECO "C88"]
[WhiteElo "2001"]
[BlackElo "1946"]
[Annotator "ChessBase"]
[PlyCount "84"]
[EventDate "2020.10.20"]
[EventType "swiss"]
[EventRounds "7"]
[EventCountry "GER"]
[SourceTitle "playchess.com"]
[Source "ChessBase"]
[SourceQuality "1"]
[TimeControl "40/5400+30:1800+30"]

1. e4 e5 2. Nf3 Nc6 3. Bb5 a6 4. Ba4 Nf6 5. O-O Be7 6. Re1 b5 7. Bb3 O-O 8. a4 d5 9. Bxd5 Nxd5 10. exd5 Nd4 11. c3 Nxf3+ 12. Qxf3 Bb7 13. Rxe5 Bd6 14. Re3 Bxd5 15. Qf5 g6 16. Qg4 h5 17. Qd1 Bf4 18. d4 Bxe3 19. Bxe3 Qd7 20. Nd2 Rab8 21. a5 Rfe8 22. Nf3 Qg4 23. b4 f6 24. h3 Qe4 25. Qb1 Qxb1+ 26. Rxb1 Bxf3 27. gxf3 Kf7 28. d5 Rbd8 29. Rd1 Re5 30. c4 bxc4 31. Rc1 Rexd5 32. Rxc4 R8d7 33. Bf4 Rb5 34. Bxc7 Rd1+ 35. Kg2 g5 36. Bb6 Rd6 37. Rc7+ Kg6 38. Ra7 Re6 39. Rxa6 Rxb4 40. Ra8 h4 41. a6 Ra4 42. a7 Rxb6 1/2-1/2